 Dungeon Crawl Stone Soup version 0.30-a0-55-g90e3122c3a (webtiles) character file.

Game seed: 10286325079840462581

412 Decritt the Trooper (level 6, 0/40 HPs)
             Began as a Gargoyle Fighter on Sept 10, 2022.
             Slain by an ogre
             ... wielding a +0 giant club
              (6 damage)
             ... on level 4 of the Dungeon.
             The game lasted 00:08:03 (3487 turns).

Decritt the Trooper (Gargoyle Fighter)              Turns: 3487, Time: 00:08:03

Health: 0/40       AC: 18    Str: 21    XL:     6   Next: 90%
Magic:  6/6        EV:  7    Int:  9    God:
Gold:   93         SH:  4    Dex:  9    Spells: 5/5 levels left

rFire   . . .      SeeInvis .    a - +0 flail
rCold   + + +      Faith    .    c - +0 buckler
rNeg    + . .      Spirit   .    v - +0 chain mail
rPois   ∞          Reflect  .    (no helmet)
rElec   +          Harm     .    (no cloak)
rCorr   .          Rampage  .    (no gloves)
Will    .....                    m - +3 pair of mountain boots {steadfast, rC+}
Stlth   ..........               i - amulet of regeneration
HPRegen 0.93/turn                g - ring of protection from cold
MPRegen 0.10/turn                e - ring of protection from cold

@: no status effects
A: sickness immunity, AC +4, negative energy resistance 1, electricity
resistance, torment resistance 1, petrification resistance
a: no special abilities


You were on level 4 of the Dungeon.
You visited 1 branch of the dungeon, and saw 4 of its levels.
You also visited: Sewer.

You collected 174 gold pieces.
You spent 81 gold pieces at shops.

Inventory:

Hand Weapons
 a - a +0 flail (weapon)
Armour
 b - a +0 scale mail
 c - a +0 buckler (worn)
 m - the +3 pair of mountain boots (worn) {steadfast, rC+}
   (You acquired it on level 4 of the Dungeon)

   It prevents involuntary movement, except for blinking, teleportation, or
   banishment.
   rC:        It protects you from cold.
 v - a +0 chain mail (worn)
Jewellery
 e - a ring of protection from cold (right hand)
 g - a ring of protection from cold (left hand)
 i - an amulet of regeneration (around neck)
 n - a +6 ring of intelligence
 q - an amulet of magic regeneration
Scrolls
 h - a scroll of magic mapping
 j - a scroll of blinking
 r - a scroll of identify
 s - a scroll of vulnerability
 t - 4 scrolls of teleportation
 u - a scroll of enchant weapon
Potions
 d - a potion of might
 f - 4 potions of degeneration
 k - a potion of curing
 l - 6 potions of flight
 o - a potion of brilliance
 p - a potion of magic
 w - 2 potions of lignification


   Skills:
 * Level 5.3 Fighting
 * Level 4.3 Maces & Flails
 + Level 4.5 Armour
 + Level 4.5 Shields


You had 5 spell levels left.
You didn't know any spells.
Your spell library contained the following spells:

 Spells                   Type           Power      Damage    Failure   Level
 Static Discharge         Conj/Air       0%         3-3/arc   100%        2
 Dispel Undead            Necr           0%         3d6       100%        4
 Sticky Flame             Conj/Fire      0%         2d3       100%        4


Dungeon Overview and Level Annotations

Branches:
Dungeon (4/15)              Sewer (visited)
 Temple: D:4-7

Altars:
Gozag
Xom

Shops:
D:4 *


Innate Abilities, Weirdness & Mutations

You are immune to sickness and miasma.
Your stone body is resilient. (AC +4)
You are immune to poison.
You resist negative energy. (rN+)
You are resistant to electric shocks. (rElec)
You are resistant to unholy torment.
You are immune to petrification.


Message History

You feel better.
There is an escape hatch in the ceiling here.
The orc priest invokes the aid of Beogh against you.
Beogh smites you!
* * * LOW HITPOINT WARNING * * *
The orc wizard mumbles some strange words.
The orc wizard flickers and vanishes!
Deactivating autopickup; reactivate with Ctrl-A.
The orc priest miscasts a cantrip.
A mysterious force pulls you upwards. The hatch slams shut behind you.
Reactivating autopickup.
You start resting.
HP restored.
You start waiting.
Done waiting.
(D) Dungeon
Where to? (Enter - D:4, ? - help)
There is a stone staircase leading down here.
You climb downwards.
Found a scroll of identify.
There is a stone staircase leading up here.
r - a scroll of identify You don't have any unidentified items.
An ogre comes into view. It is wielding a +0 giant club.
The ogre shouts!
The ogre hits you but does no damage.
You sock the ogre!
The ogre is moderately wounded.
The ogre hits you with a +0 giant club!!
* * * LOW HITPOINT WARNING * * *
You closely miss the ogre.
The ogre is moderately wounded.
You hit the ogre.
The ogre is heavily wounded.
The ogre hits you with a +0 giant club!!
* * * LOW HITPOINT WARNING * * *
You hit the ogre.
The ogre is heavily wounded.
The ogre hits you with a +0 giant club.
You die...

#.###..#....##.#....#,#*.......
#.#........#.##......#*,*,,,,,,
#.#...#...#.#.........,*,*,,,,,
#.#...##..##..........,,**,,,,,
#.#......#............,,,,*,,,,
#.#..................,,,,,,,,,,
###<#...............#,,,,,***,,,,
....................#,,,,,* *,,,,
................@...#,,,,,* ***+*
.........#######.O..#,,,,,* *,*
.........# #....#,,,,,*****,*
.........# #......,,,,**,,,,,
.........# #........,,***,***
.........# ##.......,,**,,***
.........# *....##.,***,,,,,
.........* ****....#**,,,,,,***
........,* *,,,,,,,,,,>,***,* *


You could see an ogre.

Vanquished Creatures
  A phantom (D:4)
  A hound (D:4)
  An orc priest (D:4)
  A merfolk siren (Sewer)
  A merfolk avatar (Sewer)
  10 adders
  3 gnolls (D:3)
  A river rat (Sewer)
  A worm (D:2)
  4 dart slugs
  2 orcs
  6 ball pythons
  8 endoplasms
  8 giant cockroaches
  5 goblins
  7 hobgoblins
  2 kobolds
  4 quokkas
  4 bats
  6 frilled lizards
  27 rats
103 creatures vanquished.

Vanquished Creatures (others)
  A bat (D:1)
1 creature vanquished.

Grand Total: 104 creatures vanquished

Notes
Turn   | Place    | Note
-------+----------+-------------------------------------------
     0 | D:1      | Decritt the Gargoyle Fighter began the quest for the Orb.
     0 | D:1      | Reached XP level 1. HP: 14/14 MP: 1/1
   319 | D:1      | Reached XP level 2. HP: 19/19 MP: 2/2
  1014 | D:1      | Reached XP level 3. HP: 24/24 MP: 3/3
  1312 | D:2      | Found a faded altar of an unknown god.
  1572 | D:2      | Reached skill level 4 in Fighting
  1612 | D:2      | Found a shimmering altar of Xom.
  1905 | D:3      | Reached XP level 4. HP: 29/29 MP: 4/4
  2474 | D:3      | Found an opulent altar of Gozag.
  2509 | D:3      | Reached XP level 5. HP: 34/34 MP: 5/5
  2805 | D:4      | Found Soxodous's Assorted Antiques.
  2814 | D:4      | Bought a scroll labelled USHOYPR CUULA for 28 gold pieces
  2814 | D:4      | Bought a scroll labelled WAUZUI OGIEW for 28 gold pieces
  2814 | D:4      | Bought a cyan potion for 25 gold pieces
  2832 | D:4      | Found a glowing drain.
  2855 | Sewer    | Entered a sewer
  3082 | Sewer    | Reached XP level 6. HP: 37/40 MP: 6/6
  3133 | Sewer    | Reached skill level 5 in Fighting
  3261 | D:4      | Identified a scroll of acquirement
  3261 | D:4      | Acquired the +3 pair of mountain boots {steadfast, rC+}
  3261 | D:4      | Found the +3 pair of mountain boots {steadfast, rC+}
  3302 | D:4      | HP: 1/40 [orc priest/divine providence (14)]
  3487 | D:4      | Slain by an ogre

Illustrated notes

Levels and vault maps discovered:
D:1:      dpeg_arrival_rooms_c, layout_basic
D:2:      layout_basic, dreamdust_ecumenical_altar_hidden_monk_grotto,
          basic_altar, minivault_24, minmay_diced_spiral
D:3:      layout_basic, general_overflow_altar, minivault_27,
          nicolae_hexahallways, serial_bayou_pond_c
D:4:      layout_basic, minitemple, serial_shops, shop, portal_sewer_entry_d,
          minmay_misc_feat_secret_circle

Skill      XL: |  1  2  3  4  5  6 |
---------------+-------------------+-----
Fighting       | 4 5 |  5.3
Maces & Flails | 3 4 |  4.3
Shields        | 4 |  4.5
Armour         | 4 |  4.5

Action                   |  1- 3 |  4- 6 || total
-------------------------+-------+-------++-------
Melee: Flail             |   114 |   281 ||   395
  Use: Scroll            |       |    11 ||    11
       Potion            |       |     1 ||     1
Armor: Scale mail        |    62 |   150 ||   212
       Chain mail        |       |    37 ||    37
Dodge: Dodged            |    44 |   147 ||   191
Block: Buckler           |    33 |    81 ||   114

Table legend: (Time is in decaauts)
 A = Elapsed time spent in this place.
 B = Non-inter-level travel time spent in this place.
 C = Inter-level travel time spent in this place.
 D = Time resting spent in this place.
 E = Time spent auto-exploring this place.
 F = Levels seen in this place.
 G = Mean time per level.
                   A        B        C        D        E       F      G
               +--------+--------+--------+--------+--------+-----+--------+
         Total |   3631 |   3525 |    106 |    139 |   2463 |   5 |  726.2 |
       Dungeon |   3248 |   3142 |    106 |    139 |   2353 |   4 |  812.0 |
         Sewer |    383 |    383 |      0 |      0 |    109 |   1 |  383.0 |
               +--------+--------+--------+--------+--------+-----+--------+

Top non-repeatable levels by time:
     D:1: 1143 daAuts
     D:3: 1082 daAuts
     D:2: 779 daAuts
   Sewer: 383 daAuts
     D:4: 241 daAuts
